 Dungeon Crawl Stone Soup version 0.29.1-12-g30fa7ad0bf (webtiles) character file.

Game seed: 8140745554805172016

3374 mopl the Nimble (level 10, -1/81 HPs)
             Began as a Gnoll Monk on Jan 5, 2023.
             Was an Initiate of Gozag.
             Slain by an orc warlord
             ... wielding a +6 broad axe
              (36 damage)
             ... in a bailey.
             The game lasted 00:16:40 (6115 turns).

mopl the Nimble (Gnoll Monk)                        Turns: 6115, Time: 00:16:43

Health: -1/81      AC: 12    Str: 15    XL:     10   Next: 3%
Magic:  17/17      EV:  9    Int:  9    God:    Gozag
Gold:   851        SH:  0    Dex: 15    Spells: 17/19 levels left

rFire   . . .      SeeInvis +   a - +5 flail
rCold   . . .      Faith    .   (no shield)
rNeg    . . .      Spirit   .   D - +0 chain mail
rPois   .          Reflect  .   F - +0 helmet
rElec   .          Harm     .   (no cloak)
rCorr   .          Rampage  .   v - +0 pair of gloves
Will    .....                   (no boots)
Stlth   ..........              C - amulet of regeneration
HPRegen 1.03/turn               I - ring of see invisible
MPRegen 0.15/turn               (no ring)

@: no status effects
A: fangs 1, strong nose, distributed training
a: Renounce Religion, Potion Petition, Call Merchant, Bribe Branch


You were in a bailey.
You worshipped Gozag.
Gozag was pleased with you.
You visited 1 branch of the dungeon, and saw 9 of its levels.
You also visited: Bailey.

You collected 1631 gold pieces.
You spent 500 gold pieces at shops.
You paid 280 gold pieces to Gozag.

Inventory:

Hand Weapons
 a - a +5 flail (weapon)
 b - a +2 dagger of venom
 o - a +4 battleaxe
 t - a +0 mace
 M - a +0 hand axe of electrocution
Missiles
 K - 19 boomerangs (quivered)
 Q - a curare-tipped dart
Armour
 p - a +0 plate armour
 v - a +0 pair of gloves (worn)
 A - a +2 robe of resistance
 D - a +0 chain mail (worn)
 F - a +0 helmet (worn)
Jewellery
 C - an amulet of regeneration (around neck)
 H - an amulet of the acrobat
 I - a ring of see invisible (left hand)
Wands
 u - a wand of paralysis (7)
 L - a wand of mindburst (7)
 P - a wand of polymorph (9)
 R - a wand of quicksilver (7)
Scrolls
 d - 4 scrolls of enchant weapon {unknown}
 f - 4 scrolls of fog {unknown}
 i - 2 scrolls of magic mapping {unknown}
 j - 9 scrolls of teleportation
 k - a scroll of blinking {unknown}
 l - 2 scrolls of fear {unknown}
 s - 3 scrolls of vulnerability {unknown}
 w - a scroll of poison
 x - a scroll of amnesia
 y - 2 scrolls of immolation
 z - 2 scrolls of enchant armour
 S - a scroll of summoning {unknown}
Potions
 c - 3 potions of ambrosia
 e - 2 potions of magic
 g - 2 potions of mutation {!q}
 h - 4 potions of curing
 m - a potion of flight
 n - a potion of brilliance
 r - 2 potions of haste
 B - 4 potions of heal wounds {unknown}
 E - a potion of resistance
 G - 2 potions of might {unknown}
 J - a potion of lignification {unknown}
 O - a potion of cancellation


   Skills:
 + Level 8.3 Fighting
 + Level 5.0 Short Blades
 + Level 5.0 Long Blades
 + Level 5.0 Axes
 + Level 8.3 Maces & Flails
 + Level 5.0 Polearms
 + Level 5.0 Staves
 + Level 5.0 Ranged Weapons
 + Level 5.0 Throwing
 + Level 5.0 Armour
 + Level 8.3 Dodging
 + Level 6.6 Stealth
 + Level 5.0 Shields
 + Level 5.0 Unarmed Combat
 + Level 5.0 Spellcasting
 + Level 4.1 Conjurations
 + Level 4.1 Hexes
 + Level 4.1 Summonings
 + Level 4.1 Necromancy
 + Level 4.1 Translocations
 + Level 4.1 Transmutations
 + Level 4.1 Fire Magic
 + Level 4.1 Ice Magic
 + Level 4.1 Air Magic
 + Level 4.1 Earth Magic
 + Level 4.1 Poison Magic
 + Level 5.5 Invocations
 + Level 5.0 Evocations


You had 17 spell levels left.
You knew the following spells:

 Your Spells              Type           Power      Damage    Failure   Level
e - Blink                 Tloc           18%        N/A       75%         2

Your spell library contained the following spells:

 Spells                   Type           Power      Damage    Failure   Level
 Sting                    Tmut/Pois      36%        1d4       61%         1
 Poisonous Vapours        Pois/Air       18%        N/A       75%         2
 Static Discharge         Conj/Air       9%         3-5/arc   75%         2
 Gell's Gravitas          Tloc           9%         N/A       93%         3
 Lesser Beckoning         Tloc           9%         N/A       93%         3
 Teleport Other           Tloc           9%         N/A       93%         3
 Dispel Undead            Necr           9%         3d8       100%        4
 Olgreb's Toxic Radiance  Pois           9%         N/A       100%        4
 Sticky Flame             Conj/Fire      9%         2d3       100%        4
 Manifold Assault         Tloc           9%         N/A       100%        5
 Storm Form               Tmut/Air       4%         N/A       100%        7


Dungeon Overview and Level Annotations

Branches:
Dungeon (9/15)             Temple (0/1) D:4          Bailey (1/1)
   Lair: D:8-11         Orc: D:9-12

Altars:
Ashenzari
Dithmenos
Elyvilon
Gozag
Nemelex Xobeh

Shops:
D:1 ?   D:7 *

Annotations:
D:5 3 runed translucent doors, diceflayer's ghost, novice DsHu


Innate Abilities, Weirdness & Mutations

You have very sharp teeth.
Your uncanny sense of smell can sniff out nearby items.
Your experience applies equally to all skills.


Message History

Unknown command.
Unknown command.
Aiming: Mindburst
Press: ? - help, Shift-Dir - straight line, f/p - orc warlord
Aim: an orc warlord, wielding a +6 broad axe and wearing a +0 plate armour (poison gas, moderately wounded, extremely poisoned, constricted by roots, chance to affect: 50%)
The orc warlord's mind is blasted!!
The grasping roots constrict the orc warlord.
The orc warlord is engulfed in poison gas.
The orc warlord looks as sick as possible!
The orc warlord struggles to escape constriction.
Aiming: Mindburst
Press: ? - help, Shift-Dir - straight line, f/p - orc warlord
Aim: an orc warlord, wielding a +6 broad axe and wearing a +0 plate armour (poison gas, severely wounded, extremely poisoned, constricted by roots, chance to affect: 50%)
The orc warlord resists with some effort.
The grasping roots constrict the orc warlord.
The roots release their grip on the orc warlord.
Aiming: Mindburst
Press: ? - help, Shift-Dir - straight line, f/p - orc warlord
Aim: an orc warlord, wielding a +6 broad axe and wearing a +0 plate armour (poison gas, severely wounded, extremely poisoned, chance to affect: 50%)
The orc warlord resists with some effort.
The orc warlord is engulfed in poison gas.
The orc warlord looks as sick as possible!
You hit the orc warlord.
The orc warlord is severely wounded.
The orc warlord is engulfed in poison gas.
The orc warlord looks as sick as possible!
The orc warlord hits you with a +6 broad axe!!
You hit the orc warlord but do no damage.
The orc warlord is almost dead.
The orc warlord is engulfed in poison gas.
The orc warlord looks as sick as possible!
The orc warlord hits you with a +6 broad axe!
You are too injured to fight recklessly!
You barely miss the orc warlord.
The orc warlord is almost dead.
The orc warlord is engulfed in poison gas.
The orc warlord looks as sick as possible!
The orc warlord hits you with a +6 broad axe!!!
You die...
Your body crumbles into a pile of gold.

##### ##### ##.☼.## ##☼..##
##..☼☼§## ##°☼○..##
##...§§§§#######○§§☼...##
##..8.☼8☼☼○.○○§.§.☼8○.8..##
#.....☼○§.☼.§§§§☼°.☼§.....#
#.....○§.○☼☼§§○☼.§○§§.....#
#...8......#○@'#......8...#
##......####☼§o####......##
♣##.....#~○§○§~○§~#.....##♣
♣.##....#☼§8§.○8§~#....##.♣
♣♣..###'###°.§☼§.☼###'###..♣♣
♣...~~~.#~☼°8.○○8§☼~#.~~~...♣
♣♣...~~~.#~§.§☼§§g.○~#.~~~...♣
♣∩...)~~.#☼☼○☼○○○..§§#.~~~...∩
♣♣...)~~.##.........##.~~~...♣


You could see an orc warlord (extremely poisoned) and a gnoll.

Vanquished Creatures
  A two-headed ogre (D:8)
  Psyche (D:9)
  A fire bat (D:4)
  4 orc warriors (Bailey)
  4 black bears
  An ogre (D:5)
  A kobold brigand (D:7)
  3 bullfrogs
  A scorpion (D:5)
  2 wights (D:8)
  3 killer bees (D:6)
  3 howler monkeys (D:8)
  2 hounds
  4 jellies
  7 orc priests
  A gnoll bouda (D:5)
  4 iguanas
  4 orc wizards
  Robin (D:4)
  7 adders
  5 gnolls
  3 shadow imps
  2 ufetubi (D:6)
  4 dart slugs
  15 orcs
  5 ball pythons
  5 bats
  4 endoplasms
  10 hobgoblins
  4 quokkas
  2 frilled lizards (D:1)
  14 goblins
  18 kobolds
  3 rats
  A toadstool (D:3)
150 creatures vanquished.

Vanquished Creatures (others)
  2 goblins (D:9)
  A kobold (D:7)
  A fungus (D:3)
  8 plants (D:8)
  3 toadstools (D:3)
15 creatures vanquished.

Grand Total: 165 creatures vanquished

Notes
Turn   | Place    | Note
-------+----------+-------------------------------------------
     0 | D:1      | mopl the Gnoll Monk began the quest for the Orb.
     0 | D:1      | Reached XP level 1. HP: 23/23 MP: 1/1
   112 | D:1      | Found Fairgh's Magic Scroll Boutique.
   115 | D:1      | Bought a scroll of noise for 14 gold pieces
   141 | D:1      | Reached XP level 2. HP: 28/29 MP: 2/2
   441 | D:1      | Found a faded altar of an unknown god.
   451 | D:1      | Prayed at the altar of an unknown god.
   451 | D:1      | Became a worshipper of Gozag Ym Sagoz the Greedy
   679 | D:2      | Reached XP level 3. HP: 35/35 MP: 3/3
   720 | D:2      | Reached skill level 1 in Invocations
   965 | D:2      | Reached skill level 1 in Short Blades
   965 | D:2      | Reached skill level 1 in Long Blades
   965 | D:2      | Reached skill level 1 in Axes
   965 | D:2      | Reached skill level 1 in Polearms
   965 | D:2      | Reached skill level 1 in Staves
   965 | D:2      | Reached skill level 1 in Ranged Weapons
   965 | D:2      | Reached skill level 1 in Throwing
   965 | D:2      | Reached skill level 1 in Armour
   965 | D:2      | Reached skill level 1 in Shields
   965 | D:2      | Reached skill level 1 in Unarmed Combat
   965 | D:2      | Reached skill level 1 in Spellcasting
   965 | D:2      | Reached skill level 1 in Evocations
  1025 | D:2      | Reached XP level 4. HP: 9/41 MP: 5/5
  1881 | D:1      | Bought a scroll of amnesia for 56 gold pieces
  1881 | D:1      | Bought a scroll of teleportation for 42 gold pieces
  1881 | D:1      | Bought a scroll of identify for 28 gold pieces
  1881 | D:1      | Bought 2 scrolls of immolation for 112 gold pieces
  1881 | D:1      | Bought a scroll of poison for 56 gold pieces
  1881 | D:1      | Bought a scroll of enchant armour for 105 gold pieces
  2069 | D:4      | Noticed Robin
  2070 | D:4      | Noticed a black bear
  2085 | D:3      | Killed a black bear
  2086 | D:3      | Reached skill level 1 in Conjurations
  2086 | D:3      | Reached skill level 1 in Hexes
  2086 | D:3      | Reached skill level 1 in Summonings
  2086 | D:3      | Reached skill level 1 in Necromancy
  2086 | D:3      | Reached skill level 1 in Translocations
  2086 | D:3      | Reached skill level 1 in Transmutations
  2086 | D:3      | Reached skill level 1 in Fire Magic
  2086 | D:3      | Reached skill level 1 in Ice Magic
  2086 | D:3      | Reached skill level 1 in Air Magic
  2086 | D:3      | Reached skill level 1 in Earth Magic
  2086 | D:3      | Reached skill level 1 in Poison Magic
  2086 | D:3      | Reached XP level 5. HP: 28/47 MP: 5/7
  2242 | D:4      | Found a staircase to the Ecumenical Temple.
  2246 | D:4      | Found a transporter.
  2452 | D:4      | Reached skill level 2 in Invocations
  2452 | D:4      | Reached XP level 6. HP: 12/53 MP: 8/8
  2599 | D:4      | Killed Robin
  2869 | D:4      | Found a transporter.
  3032 | D:4      | Noticed a fire bat
  3146 | D:4      | Killed a fire bat
  3147 | D:4      | Reached skill level 2 in Short Blades
  3147 | D:4      | Reached skill level 2 in Long Blades
  3147 | D:4      | Reached skill level 2 in Axes
  3147 | D:4      | Reached skill level 2 in Polearms
  3147 | D:4      | Reached skill level 2 in Staves
  3147 | D:4      | Reached skill level 2 in Ranged Weapons
  3147 | D:4      | Reached skill level 2 in Throwing
  3147 | D:4      | Reached skill level 2 in Armour
  3147 | D:4      | Reached skill level 2 in Shields
  3147 | D:4      | Reached skill level 2 in Unarmed Combat
  3147 | D:4      | Reached skill level 2 in Spellcasting
  3147 | D:4      | Reached skill level 2 in Evocations
  3250 | D:5      | Entered Level 5 of the Dungeon
  3266 | D:5      | Reached skill level 7 in Fighting
  3266 | D:5      | Reached skill level 7 in Maces & Flails
  3266 | D:5      | Reached skill level 7 in Dodging
  3266 | D:5      | Reached XP level 7. HP: 51/60 MP: 10/10
  3291 | D:5      | Reached skill level 2 in Conjurations
  3291 | D:5      | Reached skill level 2 in Hexes
  3291 | D:5      | Reached skill level 2 in Summonings
  3291 | D:5      | Reached skill level 2 in Necromancy
  3291 | D:5      | Reached skill level 2 in Translocations
  3291 | D:5      | Reached skill level 2 in Transmutations
  3291 | D:5      | Reached skill level 2 in Fire Magic
  3291 | D:5      | Reached skill level 2 in Ice Magic
  3291 | D:5      | Reached skill level 2 in Air Magic
  3291 | D:5      | Reached skill level 2 in Earth Magic
  3291 | D:5      | Reached skill level 2 in Poison Magic
  3395 | D:5      | Reached skill level 5 in Stealth
  3395 | D:5      | Reached skill level 3 in Invocations
  3643 | D:5      | Found a runed translucent gate.
  3643 | D:5      | Found a runed translucent gate.
  3645 | D:5      | Found a runed translucent gate.
  3645 | D:5      | Found an opulent altar of Gozag.
  3646 | D:5      | Noticed diceflayer's ghost (novice DsHu)
  3682 | D:5      | Learned a level 2 spell: Blink
  3715 | D:5      | Reached skill level 3 in Short Blades
  3715 | D:5      | Reached skill level 3 in Long Blades
  3715 | D:5      | Reached skill level 3 in Axes
  3715 | D:5      | Reached skill level 3 in Polearms
  3715 | D:5      | Reached skill level 3 in Staves
  3715 | D:5      | Reached skill level 3 in Ranged Weapons
  3715 | D:5      | Reached skill level 3 in Throwing
  3715 | D:5      | Reached skill level 3 in Armour
  3715 | D:5      | Reached skill level 3 in Shields
  3715 | D:5      | Reached skill level 3 in Unarmed Combat
  3715 | D:5      | Reached skill level 3 in Spellcasting
  3715 | D:5      | Reached skill level 3 in Evocations
  3715 | D:5      | Reached XP level 8. HP: 67/67 MP: 12/12
  4182 | D:6      | Found a shadowy altar of Dithmenos.
  4429 | D:6      | HP: 1/67 [killer bee (7)]
  4811 | D:6      | Reached skill level 4 in Invocations
  4833 | D:6      | Reached skill level 3 in Conjurations
  4833 | D:6      | Reached skill level 3 in Hexes
  4833 | D:6      | Reached skill level 3 in Summonings
  4833 | D:6      | Reached skill level 3 in Necromancy
  4833 | D:6      | Reached skill level 3 in Translocations
  4833 | D:6      | Reached skill level 3 in Transmutations
  4833 | D:6      | Reached skill level 3 in Fire Magic
  4833 | D:6      | Reached skill level 3 in Ice Magic
  4833 | D:6      | Reached skill level 3 in Air Magic
  4833 | D:6      | Reached skill level 3 in Earth Magic
  4833 | D:6      | Reached skill level 3 in Poison Magic
  4903 | D:7      | Found a white marble altar of Elyvilon.
  4988 | D:7      | Reached XP level 9. HP: 73/73 MP: 14/14
  5062 | D:7      | Reached skill level 4 in Short Blades
  5062 | D:7      | Reached skill level 4 in Long Blades
  5062 | D:7      | Reached skill level 4 in Axes
  5062 | D:7      | Reached skill level 4 in Polearms
  5062 | D:7      | Reached skill level 4 in Staves
  5062 | D:7      | Reached skill level 4 in Ranged Weapons
  5062 | D:7      | Reached skill level 4 in Throwing
  5062 | D:7      | Reached skill level 4 in Armour
  5062 | D:7      | Reached skill level 4 in Shields
  5062 | D:7      | Reached skill level 4 in Unarmed Combat
  5062 | D:7      | Reached skill level 4 in Spellcasting
  5062 | D:7      | Reached skill level 4 in Evocations
  5123 | D:7      | Found a broken altar of Ashenzari.
  5297 | D:7      | Found Yviohow's Assorted Antiques.
  5303 | D:7      | Bought a scroll labelled YZUACU UREDALI for 29 gold pieces
  5303 | D:7      | Bought a scroll of identify for 58 gold pieces
  5425 | D:8      | Found a sparkling altar of Nemelex Xobeh.
  5635 | D:8      | Reached skill level 6 in Stealth
  5652 | D:8      | Noticed a two-headed ogre
  5663 | D:8      | Killed a two-headed ogre
  5664 | D:8      | Reached skill level 8 in Fighting
  5664 | D:8      | Reached skill level 8 in Maces & Flails
  5664 | D:8      | Reached skill level 8 in Dodging
  5664 | D:8      | Reached skill level 5 in Invocations
  5667 | D:8      | Noticed a boulder beetle
  5685 | D:8      | Noticed a troll
  5742 | D:9      | Found a flagged portal.
  5744 | D:9      | Noticed Psyche
  5752 | D:9      | Killed Psyche
  5753 | D:9      | Reached skill level 4 in Conjurations
  5753 | D:9      | Reached skill level 4 in Hexes
  5753 | D:9      | Reached skill level 4 in Summonings
  5753 | D:9      | Reached skill level 4 in Necromancy
  5753 | D:9      | Reached skill level 4 in Translocations
  5753 | D:9      | Reached skill level 4 in Transmutations
  5753 | D:9      | Reached skill level 4 in Fire Magic
  5753 | D:9      | Reached skill level 4 in Ice Magic
  5753 | D:9      | Reached skill level 4 in Air Magic
  5753 | D:9      | Reached skill level 4 in Earth Magic
  5753 | D:9      | Reached skill level 4 in Poison Magic
  5774 | Bailey   | Entered a bailey
  5797 | Bailey   | Noticed an orc warlord
  5989 | Bailey   | Reached skill level 5 in Short Blades
  5989 | Bailey   | Reached skill level 5 in Long Blades
  5989 | Bailey   | Reached skill level 5 in Axes
  5989 | Bailey   | Reached skill level 5 in Polearms
  5989 | Bailey   | Reached skill level 5 in Staves
  5989 | Bailey   | Reached skill level 5 in Ranged Weapons
  5989 | Bailey   | Reached skill level 5 in Throwing
  5989 | Bailey   | Reached skill level 5 in Armour
  5989 | Bailey   | Reached skill level 5 in Shields
  5989 | Bailey   | Reached skill level 5 in Unarmed Combat
  5989 | Bailey   | Reached skill level 5 in Spellcasting
  5989 | Bailey   | Reached skill level 5 in Evocations
  5989 | Bailey   | Reached XP level 10. HP: 36/81 MP: 17/17
  6059 | Bailey   | Found a runed translucent gate.
  6059 | Bailey   | Found a runed translucent gate.
  6061 | Bailey   | Found a runed translucent gate.
  6115 | Bailey   | Slain by an orc warlord

Illustrated notes

Levels and vault maps discovered:
D:1:      mushboom_english_gardens, layout_basic, serial_shops,
          nicolae_shop_behind_doors, dreamdust_ecumenical_altar_sealed_demon
D:2:      layout_basic
D:3:      layout_basic, minmay_gold_behind_fungi
D:4:      gammafunk_cloud_chamber, layout_cave_pods,
          minmay_temple_entry_junction, uniq_robin
D:5:      layout_basic, ebering_ghost_gozag
D:6:      layout_rooms, grunt_dithmenos_smoke_and_mirrors,
          kennysheep_generic_room_2
D:7:      layout_cave_pools, kennysheep_mini_moat, mainiacjoe_overflow_chevrons,
          serial_shops, shop
D:8:      nzn_winding_woodlands_small [nzn_winding_woodlands_5x15_cabin,
          nzn_winding_woodlands_center_triple_pond,
          nzn_winding_woodlands_5x15_garden], layout_loops_ring,
          nemelex_xobeh_ov_fountains_minmay,
          mainiacjoe_overflow_surrounded_room, david_lair_shrubbed,
          gammafunk_ghost_grave
D:9:      layout_irregular_city, kiku_gazebo_garden_becter, david_orc_4,
          enter_bailey_3, nicolae_shop_overcharged_wands, uniq_joseph,
          uniq_psyche
Bailey:   bailey_axe_bossmonster_kennysheep, bailey

Skill      XL: |  1  2  3  4  5  6  7  8  9 |
---------------+----------------------------+-----
Invocations    | 1 2 3 4 5 |  5.5
Short Blades   | 1 2 3 5 |  5.0
Long Blades    | 1 2 3 5 |  5.0
Axes           | 1 2 3 5 |  5.0
Polearms       | 1 2 3 5 |  5.0
Staves         | 1 2 3 5 |  5.0
Ranged Weapons | 1 2 3 5 |  5.0
Throwing       | 1 2 3 5 |  5.0
Armour         | 1 2 3 5 |  5.0
Shields        | 1 2 3 5 |  5.0
Unarmed Combat | 1 2 3 5 |  5.0
Spellcasting   | 1 2 3 5 |  5.0
Evocations     | 1 2 3 5 |  5.0
Conjurations   | 1 2 3 4 |  4.1
Hexes          | 1 2 3 4 |  4.1
Summonings     | 1 2 3 4 |  4.1
Necromancy     | 1 2 3 4 |  4.1
Translocations | 1 2 3 4 |  4.1
Transmutations | 1 2 3 4 |  4.1
Fire Magic     | 1 2 3 4 |  4.1
Ice Magic      | 1 2 3 4 |  4.1
Air Magic      | 1 2 3 4 |  4.1
Earth Magic    | 1 2 3 4 |  4.1
Poison Magic   | 1 2 3 4 |  4.1
Fighting       | 7 8 |  8.3
Maces & Flails | 7 8 |  8.3
Dodging        | 7 8 |  8.3
Stealth        | 5 6 |  6.6

Action                   |  1- 3 |  4- 6 |  7- 9 | 10-12 || total
-------------------------+-------+-------+-------+-------++-------
Melee: Mace              |    78 |    16 |       |       ||    94
       Bite              |     2 |    12 |    47 |       ||    61
       Punch             |     1 |     4 |    13 |       ||    18
       Flail             |       |   104 |   379 |     9 ||   492
Throw: Dart              |       |     2 |    10 |       ||    12
       Throwing net      |       |       |     2 |       ||     2
       Boomerang         |       |       |       |     4 ||     4
Invok: Potion Petition   |       |       |     1 |       ||     1
Evoke: Wand              |       |     1 |     9 |     7 ||    17
  Use: Scroll            |     1 |       |     7 |     1 ||     9
       Potion            |       |       |     2 |       ||     2
 Stab: Sleeping          |     5 |     1 |       |       ||     6
       Paralysed         |       |     4 |     8 |       ||    12
       Distracted        |       |     1 |     2 |       ||     3
Armor: Robe              |    14 |       |       |       ||    14
       Ring mail         |    11 |    23 |       |       ||    34
       Chain mail        |       |    39 |   290 |     2 ||   331
Dodge: Dodged            |    67 |    61 |   220 |       ||   348
